 Dungeon Crawl Stone Soup version 0.24-a0-335-g06ca16a (webtiles) character file.

Game seed: 10781133326668080859

6 Firecrotchwizard the Skirmisher (level 1, 0/20 HPs)
             Began as a Hill Orc Fighter on May 19, 2019.
             Slain by a gnoll
             ... wielding a +0 halberd
              (9 damage)
             ... on level 1 of the Dungeon.
             The game lasted 00:00:25 (278 turns).

Firecrotchwizard the Skirmisher (Hill Orc Fighter)   Turns: 278, Time: 00:00:26

Health: 0/20       AC:  6    Str: 18    XL:     1   Next: 90%
Magic:  1/1        EV:  7    Int:  8    God:
Gold:   19         SH:  9    Dex: 10    Spells: 0/0 levels left

rFire    . . .     SeeInvis .   a - +0 war axe
rCold    . . .     Gourm    .   c - +0 shield
rNeg     . . .     Faith    .   b - +0 scale mail
rPois    .         Spirit   .   (no helmet)
rElec    .         Reflect  .   (no cloak)
rCorr    .         Harm     .   (no gloves)
MR       .....                  (no boots)
Stlth    ..........             (no amulet)
HPRegen  0.06/turn              (no ring)
MPRegen  0.07/turn              (no ring)

@: no status effects
A: no striking features
a: no special abilities


You were on level 1 of the Dungeon.
You were not hungry.

You visited 1 branch of the dungeon, and saw 1 of its levels.

You collected 19 gold pieces.

Inventory:

Hand Weapons
 a - a +0 war axe (weapon)
Armour
 b - a +0 scale mail (worn)
 c - a +0 shield (worn)
Potions
 d - a potion of might
Comestibles
 f - 2 rations


   Skills:
 + Level 3.7 Fighting
 * Level 3.1 Axes
 - Level 3.2 Armour
 + Level 3.4 Shields


You couldn't memorise any spells.
You didn't know any spells.
Your spell library was empty.

Dungeon Overview and Level Annotations

Branches:
Dungeon (1/15)

Altars:


Message History

You block the ball python's attack. The ball python constricts you.
The rat bites you.
The ball python bites you but does no damage.
The ball python constricts you.
You take 2 damage, and have 14/19 hp.
You are too injured to fight recklessly!
You are too injured to fight recklessly!
You slash the ball python!
You kill the ball python!
You barely miss the rat. You block the rat's attack.
You block the rat's attack.
You see here a ball python corpse.
You closely miss the rat. You block the rat's attack.
The rat bites you but does no damage.
You closely miss the rat. The rat barely misses you.
You closely miss the rat. The rat barely misses you.
You block the rat's attack.
You completely miss the rat. You block the rat's attack.
You barely miss the rat. The rat bites you but does no damage.
You slash the rat!
You kill the rat!
There isn't anything here!
You see here a ball python corpse.
You butcher the ball python corpse.
g - 4 chunks of flesh {@w0} You see here a ball python skeleton.
You now have 10 gold pieces.
Found a stone staircase leading down.
A kobold comes into view. It is wielding a +0 dagger.
The kobold shouts!
A kobold is nearby!
The kobold throws a stone.
The stone hits you.
You see here a stone.
You take 1 damage, and have 16/20 hp.
You block the kobold's attack.
You hit the kobold.
You kill the kobold!
You see here a +0 dagger.
A bat comes into view.
A bat is nearby!
The bat hits you but does no damage.
You closely miss the bat. The bat closely misses you.
You block the bat's attack. The bat hits you but does no damage.
A kobold comes into view. It is wielding a -1 short sword.
The bat hits you but does no damage. You block the bat's attack.
The bat hits you.
You take 1 damage, and have 17/20 hp.
You closely miss the bat. The bat hits you but does no damage.
You closely miss the kobold. The bat barely misses you.
The kobold barely misses you. You block the kobold's attack.
You barely miss the kobold. The bat hits you but does no damage.
The bat closely misses you. The kobold hits you but does no damage.
You closely miss the kobold. You closely miss the bat.
You block the bat's attack. The bat hits you but does no damage.
The kobold hits you but does no damage. The bat hits you but does no damage.
You closely miss the kobold. You closely miss the bat.
The bat hits you but does no damage. The kobold hits you but does no damage.
The kobold hits you with a cursed -1 short sword.
You take 2 damage, and have 15/20 hp.
You slash the kobold!
You kill the kobold!
You block the bat's attack. The bat hits you.
You take 1 damage, and have 14/20 hp.
Your shield and scale mail prevent you from hitting the bat.
The bat hits you but does no damage.
You slash the bat!
You kill the bat!
Your Axes skill increases to level 3!
You see here a cursed -1 short sword.
You start resting.
Health restored: 20 A goblin comes into view.
The goblin shouts!
A goblin is nearby!
A goblin is nearby!
The goblin barely misses you.
You hit the goblin.
You kill the goblin!
f - 2 rations (gained 1)
You now have 19 gold pieces (gained 9).
All of the chunks of flesh in your inventory have rotted away.
A gnoll comes into view. It is wielding a +0 halberd.
A gnoll is nearby!
A hobgoblin comes into view. It is wielding a +0 club.
The hobgoblin shouts!
You block the gnoll's attack.
You hit the gnoll. The gnoll closely misses you.
Your scale mail prevents you from hitting the gnoll.
You block the gnoll's attack.
You closely miss the gnoll. The gnoll hits you with a +0 halberd!
You take 8 damage, and have 12/20 hp.
MASSIVE DAMAGE!!
You hit the gnoll but do no damage. You block the gnoll's attack.
You barely miss the gnoll. You slash the hobgoblin!
You kill the hobgoblin!
You block the gnoll's attack.
You hit the gnoll but do no damage. The gnoll hits you with a +0 halberd.
The gnoll hits you with a +0 halberd!
You die...

.. .... #. .#.## #.
#....##
#.#.##......#
#.#..........
.###.#..#.......
........).....#.
#....@g......
###..#######.# ..
#........#.###..
##.#####.#..... #.#
##.#.....
#.####.....# #..
#..........# #.#
######...#.# #.#
##############.##.#


You could see a gnoll.

Vanquished Creatures
  A hobgoblin (D:1)
  A ball python (D:1)
  A bat (D:1)
  A goblin (D:1)
  2 kobolds (D:1)
  A rat (D:1)
7 creatures vanquished.

Notes
Turn   | Place    | Note
-------+----------+-------------------------------------------
     0 | D:1      | Firecrotchwizard the Hill Orc Fighter began the quest for
                  | the Orb.
     0 | D:1      | Reached XP level 1. HP: 19/19 MP: 1/1
    82 | D:1      | Reached skill level 3 in Axes
   278 | D:1      | Slain by a gnoll

Levels and vault maps discovered:
D:1:      saegor_arrival_simple_a, layout_loops_ring

Skill      XL: |  1 |
---------------+----+-----
Axes           | 3 |  3.1
Fighting       | |  3.7
Armour         | |  3.2
Shields        | |  3.4

Action                   || total
-------------------------++-------
Melee: War axe           ||    27
Armor: Scale mail        ||    18
Dodge: Dodged            ||     8
Block: Shield            ||    19

Table legend:
 A = Non-vault XP
 B = Vault XP
 C = Vault XP percentage of total XP
 D = Non-vault monster count
 E = Vault monster count
 F = Vault count percentage of total count
                 A         B        C        D         E       F
            +---------+---------+-------+---------+---------+-------
      Total |       9 |       0 |   0.0 |       7 |       0 |   0.0
            +---------+---------+-------+---------+---------+-------
        D:1 |       9 |       0 |   0.0 |       7 |       0 |   0.0
            +---------+---------+-------+---------+---------+-------

Levels and vault maps discovered:
D:1:      saegor_arrival_simple_a, layout_loops_ring

Table legend:
 A = Turns spent in this place as a percentage of turns spent in the entire game.
 B = Non-inter-level travel turns spent in this place as a percentage of non-inter-level travel turns spent in the entire game.
 C = Inter-level travel turns spent in this place as a percentage of turns spent in this place.
 D = Turns resting spent in this place as a percentage of non-inter-level travel turns spent in this place.
 E = Turns spent auto-exploring this place as a percentage of non-inter-level travel turns spent in this place.
 F = Non-inter-level travel turns spent in this place divided by the number of levels of this place that you've seen.
                   A       B       C       D       E      F
               +-------+-------+-------+-------+-------+----------------------
         Total | 100.0 | 100.0 |   0.0 |  34.2 |  47.1 | 278.0
       Dungeon | 100.0 | 100.0 |   0.0 |  34.2 |  47.1 | 278.0
               +-------+-------+-------+-------+-------+----------------------

Table legend:
 A = Kills in this place as a percentage of kills in entire the game.
 B = Kills by you in this place as a percentage of kills by you in the entire game.
 C = Kills by friends in this place as a percentage of kills by friends in the entire game.
 D = Other kills in this place as a percentage of other kills in the entire game.
 E = Experience gained in this place as a percentage of experience gained in the entire game.
 F = Experience gained in this place divided by the number of levels of this place that you have seen.
                   A       B       C       D       E      F
               +-------+-------+-------+-------+-------+----------------------
         Total | 100.0 | 100.0 |   N/A |   N/A | 100.0 |   9.0
       Dungeon | 100.0 | 100.0 |   N/A |   N/A | 100.0 |   9.0
               +-------+-------+-------+-------+-------+----------------------
